 Dungeon Crawl Stone Soup version 0.18.1-48-g4cf74bf (webtiles) character file.

1311 Joat the Shield-Bearer (level 8, -1/51 HPs)
             Began as a Gargoyle Fighter on Aug 16, 2016.
             Was a Follower of the Shining One.
             Killed from afar by a lava snake (23 damage)
             ... with a glob of lava
             ... on level 7 of the Dungeon.
             The game lasted 00:35:29 (5571 turns).

Joat the Shield-Bearer (Gargoyle Fighter)           Turns: 5571, Time: 00:35:30

Health: -1/51      AC: 19    Str: 20    XL:     8   Next: 58%
Magic:  8/8        EV:  4    Int:  9    God:    the Shining One [*.....]
Gold:   214        SH: 10    Dex: 11    Spells: 0 memorised, 7 levels left

rFire  . . .     SeeInvis +     B - +1 flail (holy)
rCold  + . .     Gourm    .     t - +0 plate armour
rNeg   + . .     Faith    .     c - +0 shield
rPois  ∞         Spirit   .     m - +0 helmet
rElec  +         Dismiss  .     (no cloak)
rCorr  .         Reflect  .     (no gloves)
SustAt .         Harm     .     (no boots)
MR     .....                    (no amulet)
Stlth  ..........               s - ring of protection from cold
                                o - ring of see invisible

@: glowing, not resistant to hostile enchantments, extremely unstealthy
A: negative energy resistance 1, electricity resistance, unbreathing,
petrification resistance, rot immunity, AC +5
a: Renounce Religion


You were on level 7 of the Dungeon.
You worshipped the Shining One.
The Shining One was aware of your devotion.
You were not hungry.

You visited 1 branch of the dungeon, and saw 7 of its levels.
You also visited: Sewer.

You collected 214 gold pieces.

Inventory:

Hand Weapons
 a - a +0 flail
 q - a +0 whip
 B - a +1 flail of holy wrath (weapon)
Armour
 c - a +0 shield (worn)
 m - a +0 helmet (worn)
 t - a +0 plate armour (worn)
Jewellery
 o - a ring of see invisible (left hand)
 s - a ring of protection from cold (right hand)
 A - an uncursed ring of flight
Wands
 x - a wand of lightning (10/15)
 y - a wand of disintegration (11/24)
 C - a wand of slowing (31/48)
Scrolls
 e - a scroll of blinking
 r - a scroll of fear
 z - a scroll of remove curse
 D - 2 scrolls of magic mapping
 E - a scroll of teleportation
Potions
 b - 3 potions of agility {unknown}
 d - 3 potions of might
 g - 6 potions of heal wounds
 h - 2 potions of invisibility
 j - 2 potions of flight
 k - 4 potions of curing
 l - 2 potions of haste
 n - a potion of cure mutation {unknown}
 v - 2 potions of brilliance
 w - 2 potions of mutation {unknown}
 G - a potion of berserk rage {unknown}
Comestibles
 f - 5 bread rations
 i - a royal jelly
 p - a slice of pizza
 u - 4 meat rations
 F - 18 chunks of flesh


   Skills:
 + Level 6.1 Fighting
 * Level 6.0 Maces & Flails
 + Level 6.2 Armour
 + Level 6.3 Shields


You had 7 spell levels left.
You didn't know any spells.

Dungeon Overview and Level Annotations

Branches:
Dungeon (7/15)             Temple (0/1) D:6

Altars:
Cheibriados
Dithmenos
Elyvilon
Fedhas
Qazlal
Zin
The Shining One

Shops:
D:6 !


Innate Abilities, Weirdness & Mutations

You are resistant to torment.
Your stone body is resilient (AC +5).
You are immune to poison.
You resist negative energy.
You are resistant to electric shocks.
You can survive without breathing.
You are immune to petrification.
You are immune to rotting.


Message History

You miss the lava snake.
The lava snake is moderately wounded.
The lava snake spits lava at you. The glob of lava hits you!
You hit the lava snake but do no damage.
The lava snake is moderately wounded.
The lava snake spits lava at you. The glob of lava hits you!
* * * LOW HITPOINT WARNING * * *
Drink which item? (? for menu, Esc to quit)
You feel much better. The lava snake bites you.
You are engulfed in flames.
The lava snake bites you but does no damage.
You thump the lava snake!
The lava snake is almost dead.
You block the lava snake's attack. The lava snake barely misses you.
You closely miss the lava snake.
The lava snake is almost dead.
The lava snake spits lava at you. The glob of lava hits you!
You die...

......#######≈§§§..≈...
........# ##≈≈≈.§.§.≈.≈.
#.......###≈§≈...≈.≈.≈..
.....>...#§§§.≈§≈.≈.≈.≈.
....#....#≈§§..≈...≈...≈
....#....'..≈.≈.§.≈.≈.≈§
....#....'...≈.≈.≈§≈.≈.≈
.........'..≈.≈.≈.≈.≈.≈.
.........#≈≈...S@..≈...≈
###......#≈≈≈.≈.S.≈.§.§.
#########≈≈≈...≈.≈.≈..
##≈≈§§≈.≈.≈.≈.
##§§§§.§§...≈
##§§§.≈§≈.≈≈ ##≈≈§.§§§≈§
##≈≈≈§§≈≈#


You could see 2 lava snakes.

Vanquished Creatures
  An orc warrior (D:6)
  An ogre (D:7)
  A big kobold (Sewer)
  A giant frog (D:7)
  3 scorpions
  2 crimson imps
  3 orc priests
  2 hounds (D:5)
  A centaur skeleton (D:4)
  3 iguanas
  A worker ant (D:4)
  6 orc wizards
  A mummy (D:4)
  10 adders
  7 river rats (Sewer)
  2 oozes
  An adder skeleton (D:5)
  A worm (D:2)
  2 dart slugs
  9 giant geckos
  21 orcs
  3 giant cockroaches
  7 goblins
  12 hobgoblins
  5 jackals
  A quokka (D:4)
  6 ball pythons
  2 bats (D:1)
  6 giant newts
  22 kobolds
  25 rats
168 creatures vanquished.

Notes
Turn   | Place    | Note
--------------------------------------------------------------
     0 | D:1      | Joat the Gargoyle Fighter began the quest for the Orb.
     0 | D:1      | Reached XP level 1. HP: 14/14 MP: 1/1
    59 | D:1      | Reached XP level 2. HP: 19/19 MP: 2/2
   339 | D:1      | Reached XP level 3. HP: 15/23 MP: 3/3
   878 | D:2      | Found a shadowy altar of Dithmenos.
  1165 | D:2      | Reached XP level 4. HP: 7/29 MP: 4/4
  2058 | D:3      | Reached XP level 5. HP: 10/33 MP: 5/5
  2267 | D:3      | Found a glowing golden altar of the Shining One.
  2268 | D:3      | Found a glowing silver altar of Zin.
  2275 | D:3      | Became a worshipper of the Shining One
  2340 | D:3      | Found a white marble altar of Elyvilon.
  2560 | D:4      | Found a glowing drain.
  2579 | Sewer    | Entered a sewer
  2862 | Sewer    | Reached XP level 6. HP: 25/38 MP: 6/6
  2908 | Sewer    | Reached * piety under the Shining One
  3147 | Sewer    | Reached skill level 5 in Shields
  3505 | D:4      | Reached skill level 5 in Armour
  3505 | D:4      | Reached XP level 7. HP: 19/44 MP: 7/7
  3514 | D:4      | Reached skill level 5 in Fighting
  4164 | D:5      | Entered Level 5 of the Dungeon
  4471 | D:5      | Found a blossoming altar of Fedhas.
  4529 | D:5      | Found a stormy altar of Qazlal.
  4858 | D:6      | Reached skill level 5 in Maces & Flails
  4858 | D:6      | Reached XP level 8. HP: 40/50 MP: 8/8
  5023 | D:6      | Found Yllei's Distillery.
  5132 | D:6      | Found a staircase to the Ecumenical Temple.
  5181 | D:6      | Found a snail-covered altar of Cheibriados.
  5571 | D:7      | Killed from afar by a lava snake

Skill      XL: |  1  2  3  4  5  6  7  8 |
---------------+-------------------------+-----
Shields        | 4 5 6 |  6.3
Armour         | 4 5 6 |  6.2
Fighting       | 4 5 6 |  6.1
Maces & Flails | 3 4 5 6 |  6.0

Action                   |  1- 3 |  4- 6 |  7- 9 || total
-------------------------+-------+-------+-------++-------
Melee: Flail             |   146 |    71 |    63 ||   280
       Whip              |       |   343 |   467 ||   810
  Use: Scroll            |       |     9 |     6 ||    15
       Potion            |       |     2 |     4 ||     6
  Eat: Chunk             |     1 |     8 |     8 ||    17
Armor: Scale mail        |    36 |       |       ||    36
       Chain mail        |    53 |   217 |       ||   270
       Plate armour      |       |   140 |   351 ||   491
Dodge: Dodged            |    42 |    88 |    78 ||   208
Block: Shield            |    65 |   283 |   287 ||   635
